 Dungeon Crawl Stone Soup version 0.21.1-1-g345015f (webtiles) character file.

166 schauveau the Chopper (level 5, 0/46 HPs)
             Began as a Deep Dwarf Fighter on June 17, 2018.
             Slain by an iguana (10 damage)
             ... on level 4 of the Dungeon.
             The game lasted 00:04:08 (1435 turns).

schauveau the Chopper (Deep Dwarf Fighter)          Turns: 1435, Time: 00:04:08

Health: 0/46       AC:  8    Str: 21    XL:     5   Next: 22%
Magic:  4/4        EV:  7    Int:  8    God:
Gold:   108        SH:  9    Dex: 12    Spells: 4/4 levels left

rFire    . . .     SeeInvis .   a - +0 war axe
rCold    . . .     Gourm    .   c - +0 shield
rNeg     . . .     Faith    .   b - +0 scale mail
rPois    .         Spirit   .   k - +0 helmet
rElec    .         Reflect  .   (no cloak)
rCorr    .         Harm     .   (no gloves)
MR       .....                  (no boots)
Stlth    ..........             (no amulet)
HPRegen  0.00/turn              (no ring)
MPRegen  0.09/turn              (no ring)

@: non-regenerating
A: damage resistance, heal wounds, sense surroundings 1, no regeneration
a: Heal Wounds


You were on level 4 of the Dungeon.
You were not hungry.

You visited 1 branch of the dungeon, and saw 4 of its levels.

You collected 108 gold pieces.

Inventory:

Hand Weapons
 a - a +0 war axe (weapon)
Armour
 b - a +0 scale mail (worn)
 c - a +0 shield (worn)
 k - a +0 helmet (worn)
Jewellery
 n - a cursed amulet of inaccuracy {unknown}
Scrolls
 e - 3 scrolls of identify
 j - a scroll of fog {unknown}
 m - a scroll of teleportation {unknown}
 o - a scroll of remove curse {unknown}
Potions
 d - a potion of might
 g - 3 potions of curing
 i - a potion of cancellation
 l - a potion of haste {unknown}
Comestibles
 f - 3 rations
 h - 3 chunks of flesh


   Skills:
 - Level 2.6 Fighting
 * Level 6.1 Axes
 - Level 3.2 Armour
 - Level 3.2 Shields


You had 4 spell levels left.
You didn't know any spells.

Dungeon Overview and Level Annotations

Branches:
Dungeon (4/15)
 Temple: D:4-7

Altars:

Shops:
D:4 *

Annotations:
D:3 p0werm0de's ghost, weakling OpNe


Innate Abilities, Weirdness & Mutations

You are resistant to damage.
You can heal yourself by infusing magical energy.
You passively map a small area around you.
You do not regenerate.


Message History

Found 4 gold pieces.
You now have 104 gold pieces (gained 2).
You now have 108 gold pieces (gained 4).
An iguana comes into view.
The iguana hisses angrily.
You hit the iguana.
The iguana is lightly wounded.
The iguana bites you but does no damage.
You block the iguana's attack.
You barely miss the iguana.
The iguana is lightly wounded.
The iguana bites you!
* * * LOW HITPOINT WARNING * * *
You slash the iguana!
The iguana is heavily wounded.
The iguana completely misses you.
You hit the iguana.
The iguana is severely wounded.
The iguana bites you!
You die...

###+###.##.##.....<# #.#
#.##.##..##### ###.#
#.##....... **
..#.###.##.#...###* *
#.............#. , , ,
.......################*
...###...............^..
, ##.#
#.#...#...#...#...# ..#
#..........@l......, *
#### ###...#...#...#...#
, #................. **
*################# * * ,
, ,* ** * , , * * , , *,
,


You could see an iguana.

Vanquished Creatures
  A bullfrog (D:2)
  Robin (D:2)
  3 adders
  2 oozes
  2 dart slugs
  2 leopard geckos (D:2)
  An orc (D:3)
  A giant cockroach (D:2)
  9 goblins (D:2)
  7 hobgoblins (D:2)
  5 jackals
  A quokka (D:2)
  A ball python (D:2)
  4 bats
  A frilled lizard (D:2)
  3 kobolds
  2 rats
46 creatures vanquished.

Notes
Turn   | Place    | Note
-------+----------+-------------------------------------------
     0 | D:1      | schauveau the Deep Dwarf Fighter began the quest for the Orb.
     0 | D:1      | Reached XP level 1. HP: 20/20 MP: 1/1
   220 | D:3      | Reached skill level 3 in Axes
   238 | D:2      | Noticed a bullfrog
   272 | D:3      | Noticed p0werm0de's ghost (weakling OpNe)
   272 | D:3      | Reached XP level 2. HP: 27/27 MP: 2/2
   302 | D:2      | Killed a bullfrog
   302 | D:2      | Reached skill level 5 in Axes
   302 | D:2      | Reached XP level 3. HP: 6/33 MP: 3/3
   302 | D:2      | Reached XP level 4. HP: 7/40 MP: 4/4
   598 | D:2      | Noticed Robin
   615 | D:2      | Killed Robin
   924 | D:2      | Reached XP level 5. HP: 24/46 MP: 4/4
  1120 | D:2      | Reached skill level 6 in Axes
  1375 | D:4      | Found Rayzil's General Store.
  1435 | D:4      | Slain by an iguana

Skill      XL: |  1  2  3  4  5 |
---------------+----------------+-----
Axes           | 3 5 6 |  6.1
Fighting       | |  2.6
Armour         | |  3.2
Shields        | |  3.2

Action                   |  1- 3 |  4- 6 || total
-------------------------+-------+-------++-------
Melee: War axe           |    31 |   104 ||   135
 Abil: Heal Wounds       |       |     1 ||     1
  Use: Scroll            |       |     1 ||     1
       Potion            |       |     1 ||     1
  Eat: Chunk             |       |     2 ||     2
Armor: Scale mail        |    22 |    43 ||    65
Dodge: Dodged            |    11 |    28 ||    39
Block: Shield            |    32 |    60 ||    92
